 Dungeon Crawl Stone Soup version 0.32-a0-120-gfac0567ad4 (webtiles) character file.

Game seed: 4805124632715358589

83 zeratav the Trooper (level 4, -8/49 HPs)
             Began as an Oni Warper on Feb 6, 2024.
             Mangled by Terence
             ... wielding a +0 hand axe
              (9 damage)
             ... on level 2 of the Dungeon.
             The game lasted 00:03:19 (1936 turns).

zeratav the Trooper (Oni Warper)                    Turns: 1936, Time: 00:03:20

Health: -8/49      AC:  3    Str: 17    XL:     4   Next: 44%
Magic:  7/7        EV:  9    Int: 14    God:
Gold:   116        SH:  0    Dex:  8    Spells: 5/7 levels left

rFire   . . .        o - +4 falchion of the Hills {speed, Will+, long}
rCold   . . .        (no shield)
rNeg    . . .        b - +0 robe
rPois   .            (helmet restricted)
rElec   .            (no cloak)
rCorr   .            (gloves unavailable)
SInv    .            (boots unavailable)
Will    +....        i - amulet of the acrobat
Stlth   +            (no ring)
HPRegen 0.28/turn    (no ring)
MPRegen 0.10/turn

%: acrobat
@: no status effects
A: large, unfitting armour, horns 1, tough skin 1, double potion healing,
drunken brawling
a: no special abilities


You were on level 2 of the Dungeon.
You visited 1 branch of the dungeon, and saw 3 of its levels.

You collected 116 gold pieces.


Innate Abilities, Weirdness & Mutations

You are too large for most types of armour.
You have a pair of small horns on your head.
You have tough skin. (AC +1)
You gain doubled healing and magic from potions.
Whenever you drink a healing potion, you attack all around you.


   Skills:
 + Level 4.6 Fighting
 + Level 3.4 Maces & Flails
 - Level 1.0 Throwing
 - Level 2.1 Dodging
 - Level 2.4 Spellcasting
 - Level 2.6 Translocations


You had 5 spell levels left.
You knew the following spells:

 Your Spells              Type           Power      Damage    Failure   Level
a - Blink                 Tloc           18%        N/A       12%         2

Your spell library contained the following spells:

 Spells                   Type           Power      Damage    Failure   Level
 Lesser Beckoning         Tloc           18%        N/A       12%         2
 Teleport Other           Tloc           9%         N/A       22%         3
 Manifold Assault         Tloc           9%         N/A       58%         4
 Vhi's Electric Charge    Tloc/Air       10%        N/A       78%         4

Inventory:

Hand Weapons
 a - a +0 mace {mace}
 o - the +4 falchion of the Hills (weapon) {speed, Will+, long}
   (You found it on level 2 of the Dungeon)

   Will+:     It increases your willpower.
Missiles
 d - 7 darts of dispersal (quivered) {=fthrowing}
Armour
 b - a +0 robe (worn)
Jewellery
 i - an amulet of the acrobat (around neck)
   (You found it on level 1 of the Dungeon)
 k - an amulet of faith {!P}
   (You found it on level 2 of the Dungeon)
 l - an amulet of guardian spirit
   (You took it off a hobgoblin on level 2 of the Dungeon)
Scrolls
 c - a scroll of blinking {!r}
 g - a scroll of amnesia
 m - a scroll of vulnerability {!r!r}
 p - a scroll of fear {unknown}
Potions
 e - a potion of might {unknown}
 h - a potion of lignification {unknown}
 j - a potion of degeneration {unknown}
 n - 2 potions of curing {unknown}

Dungeon Overview and Level Annotations

Branches:
Dungeon (3/15) Zot: 16050

Altars:

Annotations:
D:2 Terence

.########..#.#.#.........#
.# #.........#^#.........#
.# #.####.##...#...).....#
.###.####.####...........#
....(...........>........#
.###.####.####.##........#
.......##.# #.#g........#
.....#....# #.#@#########
########### #..@# #####


You could see Terence and a gnoll.


Message History

No target in view!
No target in view!
No target in view!
No target in view!
No target in view!
No target in view!
No target in view!
No target in view!
No target in view!
No target in view!
No target in view!
No target in view!
No target in view!
No target in view!
You see here a ball python corpse.
A bat comes into view.
HP[+8]
Your hp is fully restored (49).
The helpless bat fails to defend itself.
You slash the bat!
You kill the bat!
No target in view!
No target in view!
No target in view!
No target in view!
No target in view!
No target in view!
No target in view!
No target in view!
No target in view!
No target in view!
No target in view!
No target in view!
You see here a bat corpse.
Found a stone staircase leading up.
You see here a bat corpse.
You see here a ball python corpse.
Things that are here:
a jackal corpse; a jackal corpse
There is a stone staircase leading down here.
There is an open door here.
There is an open door here.
Done exploring.
Done exploring.
There is a stone staircase leading down here.
You climb downwards.
There is a stone staircase leading up here.
Terence and a gnoll come into view.
Terence is wielding a +0 hand axe and wearing a +4 scale mail of positive energy.
Terence shouts!
The gnoll shouts!
You hear a shout!
The gnoll moves out of view.
You hear a shout! 3 gnolls come into view.
A gnoll is wielding a +1 heavy spear.
The gnoll shouts! x2
An adder comes into view.
The gnoll moves out of view.
You see here 14 gold pieces.
The adder hisses angrily.
You hit Terence. You hit Terence. Terence barely misses you.
You closely miss Terence. Terence hits you with a +0 hand axe!
HP[-10]
You take 10 damage, and now have 39/49 hp.
MASSIVE DAMAGE!! (PAUSE)
You closely miss Terence. You headbutt Terence.
Terence hits you with a +0 hand axe.
HP[-4]
You take 4 damage, and now have 35/49 hp.
You barely miss Terence. Terence hits you with a +0 hand axe!
HP[-6]
You take 6 damage, and now have 29/49 hp.
Terence attacks as he pursues you! Terence barely misses you.
There is a stone staircase leading up here.
The gnoll hits you with a +0 whip. Terence hits you with a +0 hand axe.
* * * LOW HITPOINT WARNING * * *
The gnoll hits you from afar with a +0 spear.
* * * LOW HITPOINT WARNING * * *
You climb upwards.
There is a stone staircase leading down here.
HP[-13]
You take 13 damage, and now have 16/49 hp.
MASSIVE DAMAGE!! (PAUSE)
The gnoll attacks as it pursues you! The gnoll misses you.
The gnoll attacks as it pursues you! The gnoll hits you with a +0 whip.
* * * LOW HITPOINT WARNING * * *
HP[-4]
You take 4 damage, and now have 12/49 hp.
You slash the gnoll! Your headbutt misses the gnoll.
The gnoll hits you with a +0 whip!
* * * LOW HITPOINT WARNING * * *
HP[-6]
You take 6 damage, and now have 6/49 hp.
You hit Terence but do no damage. Terence hits you with a +0 hand axe.
* * * LOW HITPOINT WARNING * * *
HP[-5]
You take 5 damage, and now have 1/49 hp.
You closely miss Terence. Your headbutt misses Terence.
Terence hits you with a +0 hand axe!
You die...
Terence says, "Rest in peace."

Skill      XL: |  1  2  3 |
---------------+----------+-----
Fighting       | 3 4 |  4.6
Maces & Flails | 3 |  3.4
Throwing       | |  1.0
Dodging        | |  2.1
Spellcasting   | |  2.4
Translocations | |  2.6

Action                     |  1- 3 |  4- 6 || total
---------------------------+-------+-------++-------
  Melee: Mace              |    70 |       ||    70
         Headbutt          |     8 |     3 ||    11
         Punch             |     2 |       ||     2
         Falchion          |     1 |    44 ||    45
    Use: Scroll            |       |     2 ||     2
   Stab: Sleeping          |       |     1 ||     1
 Armour: Robe              |    39 |    23 ||    62
  Dodge: Dodged            |    44 |    19 ||    63

Levels and vault maps discovered:
D:1:      erik_arrival_blinker_ship, layout_basic
D:2:      layout_basic
D:3:      layout_rooms, old_standard_altar, uniq_terence

Notes
Turn   | Place    | Note
-------+----------+-------------------------------------------
     0 | D:1      | zeratav the Oni Warper began the quest for the Orb.
     0 | D:1      | Reached XP level 1. HP: 22/22 MP: 3/3
     0 | D:1      | magus.rc [v1.9.6]
   167 | D:1      | Reached skill level 3 in Fighting
   203 | D:1      | Reached XP level 2. HP: 24/31 MP: 5/5
   734 | D:1      | Reached XP level 3. HP: 36/39 MP: 6/6
  1003 | D:2      | Reached skill level 4 in Fighting
  1003 | D:2      | Reached skill level 3 in Maces & Flails
  1351 | D:2      | Identified the +4 falchion of the Hills {speed, Will+}
  1357 | D:2      | Reached XP level 4. HP: 49/49 MP: 7/7
  1686 | D:2      | Learned a level 2 spell: Blink
  1917 | D:3      | Noticed Terence
  1932 | D:2      | HP: 12/49 [gnoll/+0 whip (4)]
  1935 | D:2      | HP: 1/49 [Terence/+0 hand axe (5)]
  1936 | D:2      | Mangled by Terence

Vanquished Creatures
  3 adders (D:2)
  2 dart slugs
  A ribbon worm (D:2)
  6 endoplasms
  4 goblins (D:1)
  5 hobgoblins
  7 jackals
  2 quokkas
  5 ball pythons
  4 bats
  2 frilled lizards (D:1)
  5 kobolds
  2 rats
48 creatures vanquished.

Table legend:
 A = Non-vault XP
 B = Vault XP
 C = Vault XP percentage of total XP
 D = Non-vault monster count
 E = Vault monster count
 F = Vault count percentage of total count
                 A         B        C        D         E       F
            +---------+---------+-------+---------+---------+-------
      Total |     119 |       0 |   0.0 |      48 |       0 |   0.0
            +---------+---------+-------+---------+---------+-------
        D:1 |      40 |       0 |   0.0 |      24 |       0 |   0.0
        D:2 |      79 |       0 |   0.0 |      24 |       0 |   0.0
            +---------+---------+-------+---------+---------+-------

Skill      XL: |  1  2  3 |
---------------+----------+-----
Fighting       | 3 4 |  4.6
Maces & Flails | 3 |  3.4
Throwing       | |  1.0
Dodging        | |  2.1
Spellcasting   | |  2.4
Translocations | |  2.6

Action                     |  1- 3 |  4- 6 || total
---------------------------+-------+-------++-------
  Melee: Mace              |    70 |       ||    70
         Headbutt          |     8 |     3 ||    11
         Punch             |     2 |       ||     2
         Falchion          |     1 |    44 ||    45
    Use: Scroll            |       |     2 ||     2
   Stab: Sleeping          |       |     1 ||     1
 Armour: Robe              |    39 |    23 ||    62
  Dodge: Dodged            |    44 |    19 ||    63

Illustrated notes

Table legend:
 A = Kills in this place as a percentage of kills in the entire game.
 B = Kills by you in this place as a percentage of kills by you in the entire game.
 C = Kills by friends in this place as a percentage of kills by friends in the entire game.
 D = Other kills in this place as a percentage of other kills in the entire game.
 E = Experience gained in this place as a percentage of experience gained in the entire game.
 F = Experience gained in this place divided by the number of levels of this place that you have seen.
                   A       B       C       D       E      F
               +-------+-------+-------+-------+-------+----------------------
         Total | 100.0 | 100.0 |   N/A |   N/A | 100.0 |  39.7
       Dungeon | 100.0 | 100.0 |   N/A |   N/A | 100.0 |  39.7
               +-------+-------+-------+-------+-------+----------------------

Table legend: (Time is in decaauts)
 A = Elapsed time spent in this place.
 B = Non-inter-level travel time spent in this place.
 C = Inter-level travel time spent in this place.
 D = Time resting spent in this place.
 E = Time spent auto-exploring this place.
 F = Levels seen in this place.
 G = Mean time per level.
                   A        B        C        D        E       F      G
               +--------+--------+--------+--------+--------+-----+--------+
         Total |   1948 |   1883 |     65 |      0 |   1613 |   3 |  649.3 |
       Dungeon |   1948 |   1883 |     65 |      0 |   1613 |   3 |  649.3 |
               +--------+--------+--------+--------+--------+-----+--------+

Top non-repeatable levels by time:
     D:1: 989 daAuts
     D:2: 945 daAuts
     D:3: 13 daAuts
